AoeStats
← распродаж

Fortress

509911643Analyzed
4v4 RM · 4d ago on Sep 28, 2026· 40m 4s· 8 players
Game mode
Random Map
Map size
Huge
Population
200
Speed
Normal
Resources
Standard
Victory
Conquest
Starting age
Dark Age
Ending age
Imperial Age
RankedLock teamsTeams togetherTeam positionsShared explorationLock speedFull tech treeHidden civsTurbo modeCheats
Victory
Defeat
🇨🇳 Saxons · China
1504
+10
🇨🇳 Malay · China
1480
+11
🇨🇳 Poles · China
1457
+12
🇨🇳 Danes · China
1405
+14
🇭🇰 Danes · Hong Kong SAR China
1505
-16
🇨🇱 Hindustanis · Chile
1364
-12
🇨🇴 Berbers · Colombia
1351
-11
🇦🇷 Franks · Argentina
1245
-8
LaPosta
1:34 Loom
7:27 Feudal Age
11:41 Castle Age
9:54 Double-Bit Axe
10:51 Horse Collar
11:03 Gold Mining
12:26 Grand Trunk Road
13:06 Squires
15:16 Town Watch
17:52 Scale Mail Armor
18:32 Forging
19:30 Chain Mail Armor
21:37 Iron Casting
26:56 Imperial Age
25:25 Scale Barding Armor
27:08 Chain Barding Armor
27:34 Bloodlines
27:25 Husbandry
29:28 Wheelbarrow
29:33 Conscription
31:06 Chemistry
31:37 Blast Furnace
32:28 Gold Shaft Mining
32:10 Padded Archer Armor
34:37 Leather Archer Armor
36:26 Ring Archer Armor
38:10 Elite Skirmisher
TITO15
7:35 Feudal Age
8:37 Double-Bit Axe
11:14 Castle Age
10:13 Horse Collar
12:09 Loom
13:05 Bow Saw
17:02 Wheelbarrow
17:00 Stone Mining
17:13 Gold Mining
23:01 Imperial Age
20:49 Fletching
21:59 Bodkin Arrow
22:05 Padded Archer Armor
22:50 Gold Shaft Mining
23:55 Maghrebi Camels
25:28 Conscription
25:10 Bracer
25:45 Hand Cart
25:49 Leather Archer Armor
26:42 Ballistics
27:23 Chemistry
28:03 Ring Archer Armor
29:21 Elite Camel Archer
31:31 Elite Genitour
32:18 Thumb Ring
Bear
8:40 Feudal Age
12:36 Castle Age
10:26 Double-Bit Axe
19:14 Scale Barding Armor
19:20 Forging
22:52 Bow Saw
22:35 Gold Mining
23:58 Iron Casting
24:59 Chain Barding Armor
25:33 Husbandry
30:25 Imperial Age
27:41 Loom
27:42 Town Watch
30:17 Fletching
30:27 Padded Archer Armor
30:50 Ballistics
30:11 Treadmill Crane
31:55 Plate Barding Armor
32:21 Blast Furnace
30:43 Cavalier
38:30 Paladin
распродаж
9:06 Feudal Age
10:11 Double-Bit Axe
10:07 Horse Collar
12:38 Castle Age
11:48 Wheelbarrow
13:44 Fletching
13:40 Loom
18:42 Scale Mail Armor
23:45 Bodkin Arrow
28:25 Imperial Age
25:57 Gold Mining
27:10 Ballistics
28:09 Chain Mail Armor
28:05 Forging
29:08 Elite Jomsviking
32:37 Hamask
36:03 Plate Mail Armor
35:56 Elite Varangian Guard
36:38 Squires
36:23 Arson
38:00 Iron Casting
38:31 Town Watch
39:56 Blast Furnace
养几亿
7:02 Feudal Age
10:53 Castle Age
9:01 Double-Bit Axe
9:21 Horse Collar
9:44 Arson
12:01 Scale Mail Armor
15:52 Scale Mail Armor
18:21 Chain Mail Armor
19:20 Forging
19:37 Squires
20:58 Iron Casting
21:06 Loom
22:54 Bow Saw
26:18 Hamask
28:14 Wheelbarrow
31:40 Imperial Age
30:17 Hand Cart
31:48 Heavy Mounted Crossbowman
31:48 Cranequins
32:19 Fletching
33:12 Heavy Plow
34:02 Bodkin Arrow
34:40 Conscription
34:56 Bracer
35:58 Chemistry
35:18 Ballistics
37:28 Padded Archer Armor
38:02 Thumb Ring
38:54 Bloodlines
39:00 Leather Archer Armor
39:18 Siege Engineers
39:29 Husbandry
.
9:04 Feudal Age
9:06 Double-Bit Axe
11:55 Castle Age
9:48 Horse Collar
12:37 Bow Saw
13:58 Loom
17:22 Wheelbarrow
20:59 Hand Cart
20:46 Heavy Plow
22:55 Gold Mining
22:55 Stone Mining
26:12 Imperial Age
23:58 Fletching
24:09 Padded Archer Armor
24:35 Ballistics
23:55 Treadmill Crane
24:01 Town Watch
24:58 Gold Shaft Mining
24:59 Stone Shaft Mining
24:22 Treadmill Crane
24:46 Bodkin Arrow
24:12 Crossbowman
25:31 Leather Archer Armor
24:57 Arbalester
25:38 Bracer
26:54 Chemistry
27:07 Ring Archer Armor
26:59 Conscription
27:16 Guilds
27:36 Coinage
27:29 Forging
28:30 Thumb Ring
28:48 Forging
28:46 Caravan
29:18 Coinage
30:03 Caravan
30:47 Iron Casting
30:29 Town Patrol
31:15 Banking
33:14 Blast Furnace
32:21 Scale Barding Armor
33:29 Crop Rotation
33:13 Siege Engineers
33:18 Masonry
33:20 Husbandry
35:23 Murder Holes
36:43 Bombard Tower
35:51 Elite Battle Elephant
luoul
7:56 Feudal Age
8:40 Double-Bit Axe
11:29 Castle Age
9:12 Horse Collar
12:36 Bow Saw
12:29 Heavy Plow
16:41 Wheelbarrow
18:27 Loom
19:07 Gold Mining
19:07 Stone Mining
19:06 Town Watch
22:10 Stone Shaft Mining
22:02 Scale Mail Armor
22:13 Forging
22:36 Hand Cart
24:57 Imperial Age
23:25 Chain Mail Armor
25:08 Iron Casting
24:51 Masonry
25:15 Murder Holes
25:30 Fortified Wall
26:45 Chemistry
27:01 Plate Mail Armor
27:31 Blast Furnace
26:20 Arson
28:59 Squires
28:42 Elite Obuch
30:13 Crop Rotation
30:50 Scale Barding Armor
31:25 Szlachta Privileges
31:34 Husbandry
31:45 Bloodlines
32:12 Conscription
31:32 Cavalier
32:34 Chain Barding Armor
33:20 Hand Cart
32:34 Capped Ram
33:31 Siege Ram
36:07 Siege Engineers
Zilove_
8:02 Feudal Age
8:43 Double-Bit Axe
9:05 Horse Collar
11:39 Castle Age
12:44 Bow Saw
13:37 Wheelbarrow
18:53 Hand Cart
19:08 Loom
21:05 Heavy Plow
21:58 Gold Mining
22:50 Stone Mining
23:37 Gold Shaft Mining
25:53 Imperial Age
23:43 Scale Mail Armor
23:53 Forging
25:20 Chain Mail Armor
25:18 Town Watch
24:57 Pikeman
25:38 Squires
25:23 Arson
25:24 Gambesons
26:15 Iron Casting
25:43 Treadmill Crane
26:17 Fortified Wall
26:02 Halberdier
27:28 Plate Mail Armor
26:38 Capped Ram
27:51 Shield Wall
28:51 Conscription
27:59 Siege Ram
30:12 Hoardings
30:33 Elite Varangian Guard
37:01 Fletching
38:15 Two-Man Saw
Connection lost

Rejoining the realm…

Still unreachable

The connection could not be restored.

Session expired

The server has moved on; the page needs a fresh start.